 Dungeon Crawl Stone Soup version 0.30-a0-652-gcc886f7154 (webtiles) character file.

Game seed: 7031075572498717259

43 wormed the Grasshopper (level 3, -1/30 HPs)
             Began as a Draconian Warper on Jan 17, 2023.
             Slain by a gnoll
             ... wielding a +0 whip
              (5 damage)
             ... on level 3 of the Dungeon.
             The game lasted 00:02:08 (1415 turns).

wormed the Grasshopper (Draconian Warper)           Turns: 1415, Time: 00:02:09

Health: -1/30      AC:  5    Str: 13    XL:     3   Next: 37%
Magic:  6/6        EV: 12    Int: 15    God:
Gold:   103        SH:  0    Dex: 10    Spells: 7/7 levels left

rFire   . . .      SeeInvis .      - Unarmed
rCold   . . .      Faith    .    (no shield)
rNeg    . . .      Spirit   .    (body armour unavailable)
rPois   .          Reflect  .    (helmet restricted)
rElec   .          Harm     .    (no cloak)
rCorr   .          Rampage  .    (no gloves)
Will    .....                    (no boots)
Stlth   +                        (no amulet)
HPRegen 0.25/turn                e - ring of wizardry
MPRegen 0.10/turn                (no ring)

@: no status effects
A: AC +5, unfitting armour, cold-blooded
a: no special abilities


You were on level 3 of the Dungeon.
You visited 1 branch of the dungeon, and saw 3 of its levels.

You collected 129 gold pieces.
You spent 26 gold pieces at shops.

Inventory:

Missiles
 b - 4 boomerangs of dispersal (quivered)
Jewellery
 e - a ring of wizardry (left hand)
Scrolls
 a - a scroll of blinking
 c - 3 scrolls of teleportation
 d - 6 scrolls of identify
 i - a scroll of vulnerability {unknown}
Potions
 f - a potion of curing
 h - a potion of mutation


   Skills:
 + Level 2.8 Fighting
 - Level 0.8 Throwing
 + Level 2.5 Dodging
 + Level 2.5 Unarmed Combat
 + Level 2.5 Spellcasting
 - Level 3.0 Translocations


You had 7 spell levels left.
You didn't know any spells.
Your spell library contained the following spells:

 Spells                   Type           Power      Damage    Failure   Level
 Blink                    Tloc           20%        N/A       4%          2
 Lesser Beckoning         Tloc           20%        N/A       4%          2
 Teleport Other           Tloc           10%        N/A       8%          3
 Vhi's Electric Charge    Tloc/Air       12%        N/A       14%         3
 Manifold Assault         Tloc           10%        N/A       24%         4


Dungeon Overview and Level Annotations

Branches:
Dungeon (3/15)

Altars:

Shops:
D:1 [   D:2 ?


Innate Abilities, Weirdness & Mutations

Your plain brown scales are hard. (AC +5)
You cannot fit into any form of body armour.
You are cold-blooded and may be slowed by cold attacks.


Message History

The gnoll is lightly wounded.
The gnoll misses you. The kobold completely misses you.
The gnoll hits you but does no damage. The gnoll hits you with a +0 club. x2
You hit the gnoll.
The gnoll is heavily wounded.
The kobold hits you but does no damage. The gnoll barely misses you.
The gnoll hits you with a +0 whip. The gnoll barely misses you.
The gnoll hits you with a +0 club.
You are too injured to fight recklessly!
You are too injured to fight recklessly!
You are too injured to fight recklessly!
The gnoll attacks as you move away! The gnoll hits you but does no damage.
The gnoll barely misses you. The gnoll attacks as you move away!
The gnoll closely misses you. The gnoll attacks as you move away!
The gnoll barely misses you. The gnoll attacks as you move away!
The gnoll barely misses you.
There is a stone staircase leading down here.
The gnoll hits you with a +0 whip.
You climb downwards.
Found 6 gold pieces and 12 stones.
There is a stone staircase leading up here.
You closely miss the gnoll. You tail-slap the gnoll.
The gnoll is lightly wounded.
The gnoll barely misses you.
You hit the gnoll but do no damage.
Your tail-slap misses the gnoll.
The gnoll is lightly wounded.
The gnoll closely misses you.
You barely miss the gnoll.
The gnoll is lightly wounded.
You hit the gnoll but do no damage.
The gnoll is lightly wounded.
The gnoll hits you with a +0 whip!
* * * LOW HITPOINT WARNING * * *
You hit the gnoll.
The gnoll is lightly wounded.
The gnoll closely misses you.
You hit the gnoll.
The gnoll is heavily wounded.
The gnoll hits you with a +0 whip.
You die...

##########
#.@.......
#g........
#.........
#..$......
#.........
#.......(.
#..(......
#.........


You could see a gnoll.

Vanquished Creatures
  2 adders (D:2)
  2 worms (D:2)
  4 endoplasms
  A goblin (D:2)
  A hobgoblin (D:2)
  A quokka (D:2)
  4 ball pythons
  A bat (D:1)
  A frilled lizard (D:1)
  2 kobolds (D:1)
19 creatures vanquished.

Notes
Turn   | Place    | Note
-------+----------+-------------------------------------------
     0 | D:1      | wormed the Draconian Warper began the quest for the Orb.
     0 | D:1      | Reached XP level 1. HP: 17/17 MP: 3/3
   297 | D:1      | Found Podug's Antique Armour Shoppe.
   607 | D:2      | Reached XP level 2. HP: 25/25 MP: 5/5
   616 | D:2      | Found Muiruwec's Magic Scroll Emporium.
   625 | D:2      | Bought a scroll of identify for 26 gold pieces
  1091 | D:2      | Reached XP level 3. HP: 17/30 MP: 6/6
  1415 | D:3      | Slain by a gnoll

Illustrated notes

Levels and vault maps discovered:
D:1:      lightli_arrival_boilingwater, layout_loops_cross, serial_shops,
          nicolae_shop_statue_plus, nrook_campfire
D:2:      minmay_chambers_of_ones, layout_rooms, serial_shops, shop
D:3:      layout_rooms, serial_shops, nicolae_shop_bloodbath_and_beyond,
          hellmonk_ecumenical_altar_pennies_from_heaven, uniq_crazy_yiuf_cottage

Action                   || total
-------------------------++-------
Melee: Unarmed           ||   126
       Tailslap          ||    13
       Punch             ||     1
Throw: Boomerang         ||     3
  Use: Scroll            ||     4
       Potion            ||     3
 Stab: Sleeping          ||     2
Armor: Skin              ||    26
Dodge: Dodged            ||    73

Table legend: (Time is in decaauts)
 A = Elapsed time spent in this place.
 B = Non-inter-level travel time spent in this place.
 C = Inter-level travel time spent in this place.
 D = Time resting spent in this place.
 E = Time spent auto-exploring this place.
 F = Levels seen in this place.
 G = Mean time per level.
                   A        B        C        D        E       F      G
               +--------+--------+--------+--------+--------+-----+--------+
         Total |   1416 |   1366 |     50 |     61 |   1006 |   3 |  472.0 |
       Dungeon |   1416 |   1366 |     50 |     61 |   1006 |   3 |  472.0 |
               +--------+--------+--------+--------+--------+-----+--------+

Top non-repeatable levels by time:
     D:1: 745 daAuts
     D:2: 665 daAuts
     D:3: 5 daAuts
